 Dungeon Crawl Stone Soup version 0.24-a0-350-g5b3daab8ba (webtiles) character file.

Game seed: 14811995340459519680

7 kaladindcss the Conjurer (level 1, 0/14 HPs)
             Began as a Draconian Conjurer on May 23, 2019.
             Slain by a jackal (2 damage)
             ... on level 1 of the Dungeon.
             The game lasted 00:00:50 (89 turns).

kaladindcss the Conjurer (Draconian Conjurer)         Turns: 89, Time: 00:00:50

Health: 0/14       AC:  4    Str: 10    XL:     1   Next: 83%
Magic:  0/3        EV: 12    Int: 15    God:
Gold:   5          SH:  0    Dex: 11    Spells: 3/4 levels left

rFire    . . .     SeeInvis .   c - +0 club
rCold    . . .     Gourm    .   (no shield)
rNeg     . . .     Faith    .   (armour unavailable)
rPois    .         Spirit   .   (helmet restricted)
rElec    .         Reflect  .   (no cloak)
rCorr    .         Harm     .   (no gloves)
MR       .....                  (no boots)
Stlth    ++........             (no amulet)
HPRegen  0.04/turn              (no ring)
MPRegen  0.08/turn              (no ring)

@: no status effects
A: unfitting armour, cold-blooded, AC +4
a: no special abilities


You were on level 1 of the Dungeon.
You were not hungry.

You visited 1 branch of the dungeon, and saw 1 of its levels.

You collected 5 gold pieces.

Inventory:

Hand Weapons
 c - a +0 club (weapon)
Scrolls
 a - 2 scrolls of identify {unknown}
Comestibles
 b - 2 rations


   Skills:
 - Level 1.7 Dodging
 - Level 1.7 Stealth
 + Level 2.0 Spellcasting
 + Level 4.3 Conjurations


You had 3 spell levels left.
You knew the following spells:

 Your Spells              Type           Power        Failure   Level  Hunger
a - Magic Dart            Conj           ##..         3%          1    #......

Your spell library contained the following spells:

 Spells                   Type           Power        Failure   Level  Hunger
 Searing Ray              Conj           ##....       5%          2    ###....
 Dazzling Spray           Conj/Hex       #.....       26%         3    ###....
 Iskenderun's Mystic Bla  Conj           ##......     36%         4    #####..
 Force Lance              Conj/Tloc      #.......     65%         4    #####..
 Fulminant Prism          Conj/Hex       #.........   65%         4    #####..


Dungeon Overview and Level Annotations

Branches:
Dungeon (1/15)

Altars:


Innate Abilities, Weirdness & Mutations

Your plain brown scales are hard. (AC +4)
You cannot fit into any form of body armour.
You are cold-blooded and may be slowed by cold attacks.


Message History

You kill the jackal!
The jackal closely misses you.
The jackal bites you but does no damage.
Things that are here:
a jackal corpse x3
Casting: Magic Dart (safe; 3% risk of failure)
Confirm with . or Enter, or press ? or * to list all spells.
You don't have enough magic to cast that spell.
You hit the jackal but do no damage. You tail-slap the jackal.
The jackal is severely wounded.
The jackal bites you.
* * * LOW HITPOINT WARNING * * *
The jackal barely misses you.
Casting: Magic Dart (safe; 3% risk of failure)
Confirm with . or Enter, or press ? or * to list all spells.
You don't have enough magic to cast that spell.
You barely miss the jackal.
The jackal is heavily wounded.
The jackal barely misses you. The jackal bites you.
You die...

..........#
#..###..#.# #.
... ...# #..#.##
. ..# ##.#
#...#.###.##..###
#.#
#..###..........
#.#
#.#.#.###......#
##.###[##.##
#....#
.......##.#
#.#..#
#########.#
#@...# ##.####
#h#..#
.##...#.###.#.##
......#....)...#
##.##.......#.#.#
# ##........#.#
##.....#.# #
##...##.#
##.###.#


You could see a jackal.

Vanquished Creatures
  A giant cockroach (D:1)
  A goblin (D:1)
  3 jackals (D:1)
5 creatures vanquished.

Notes
Turn   | Place    | Note
-------+----------+-------------------------------------------
     0 | D:1      | kaladindcss the Draconian Conjurer began the quest for the
                  | Orb.
     0 | D:1      | Reached XP level 1. HP: 14/14 MP: 3/3
    89 | D:1      | Slain by a jackal

Levels and vault maps discovered:
D:1:      scummos_arrival_hexagon, layout_loops_ring

Action                   || total
-------------------------++-------
Melee: Club              ||    12
       Unarmed           ||     3
       Tailslap          ||     3
 Cast: Magic Dart        ||     7
Armor: Skin              ||     6
Dodge: Dodged            ||    37

Table legend:
 A = Non-vault XP
 B = Vault XP
 C = Vault XP percentage of total XP
 D = Non-vault monster count
 E = Vault monster count
 F = Vault count percentage of total count
                 A         B        C        D         E       F
            +---------+---------+-------+---------+---------+-------
      Total |      10 |       0 |   0.0 |       5 |       0 |   0.0
            +---------+---------+-------+---------+---------+-------
        D:1 |      10 |       0 |   0.0 |       5 |       0 |   0.0
            +---------+---------+-------+---------+---------+-------
